Map: Neon Violet Square LE

Players

ShoWTimE

  • Race: Protoss Protoss
  • Spawn Location: 11:00

Serral - Winner!

  • Race: Zerg Zerg
  • Spawn Location: 5:00

Event: WCS Leipzig 2018

VOD

Have the link to the VOD?

Description

Time

  • Played on: Jan. 28, 2018, 8:24 a.m.
  • Length: 17:40

All games in this series

Show
View Real Time Build Order
Export as new Build Order

ShoWTimE Protoss 

Build Orders: 1 Gate Expand, Oracle Opening, Phoenix Opening, Archon Immortal, Zealot Archon, Archon Drop 

Get SALT Encoding   

  12  0:00  Probe  
  13  0:12  Probe  
  14  0:19  Pylon  
  14  0:25  Probe  
  15  0:37  Probe (Chrono Boost)  
  16  0:44  Gateway  
  16  0:46  Probe (Chrono Boost)  
  16  0:48  Assimilator  
  17  0:51  Probe (Chrono Boost)  
  18  1:03  Probe  
  19  1:15  Probe  
  20  1:26  Nexus  
  20  1:38  Cybernetics Core  
  20  1:41  Probe  
  20  1:46  Assimilator  
  21  1:53  Probe  
  22  1:56  Pylon  
  22  2:06  Probe  
  23  2:12  Adept (Chrono Boost)  
  25  2:18  Probe  
  25  2:21  Stargate  
  26  2:26  Warp Gate  
  26  2:31  Probe (Chrono Boost)  
  26  2:34  Stalker  
  29  2:38  Probe (Chrono Boost)  
  31  2:48  Probe (Chrono Boost)  
  31  2:49  Probe (Chrono Boost)  
  32  2:53  Probe (Chrono Boost)  
  32  2:54  Probe (Chrono Boost)  
  34  3:02  Oracle (Chrono Boost)  
  34  3:05  Probe  
  38  3:06  Probe  
  39  3:13  Pylon  
  39  3:17  Probe  
  39  3:18  Probe  
  41  3:29  Probe, Phoenix (Chrono Boost)  
  41  3:32  Probe  
  41  3:33  Gateway  
  45  3:41  Probe (Chrono Boost)  
  45  3:43  Robotics Facility  
  45  3:46  Assimilator  
  46  3:49  Assimilator  
  46  3:53  Probe (Chrono Boost)  
  48  3:55  Probe (Chrono Boost)  
  48  3:59  Pylon  
  48  4:00  Probe (Chrono Boost)  
  50  4:03  Probe (Chrono Boost)  
  50  4:07  Probe  
  51  4:13  Twilight Council  
  51  4:14  Probe  
  52  4:20  Probe  
  53  4:25  Gateway x2  
  53  4:26  Probe  
  53  4:27  Warp Prism (Chrono Boost)  
  56  4:44  Pylon  
  56  4:50  Templar Archives  
  56  4:53  Nexus  
  56  4:55  Probe x2  
  58  5:04  Forge  
  58  5:07  Probe  
  58  5:08  Probe  
  60  5:16  Pylon  
  60  5:19  Probe  
  60  5:20  Probe  
  62  5:26  High Templar x4  
  62  5:27  Gateway  
  70  5:30  Gateway, Archon x2  
  70  5:33  Protoss Ground Weapons Level 1 (Chrono Boost)  
  70  5:34  Probe x2  
  72  5:38  Assimilator  
  72  5:39  Observer (Chrono Boost)  
  72  5:42  Assimilator  
  73  5:45  Psionic Storm  
  73  5:46  Probe x2  
  75  5:51  Charge (Chrono Boost)  
  75  5:58  Probe x2  
  77  6:08  Probe  
  78  6:16  Immortal (Chrono Boost)  
  78  6:17  Shield Battery  
  82  6:18  Pylon  
  82  6:23  Gateway  
  82  6:30  Gateway  
  82  6:31  High Templar x2, Zealot x2  
  90  6:45  High Templar  
  92  6:52  Probe, Immortal (Chrono Boost)  
  97  7:01  Nexus  
  97  7:02  High Templar  
  97  7:05  Pylon  
  97  7:06  High Templar  
  101  7:08  Pylon  
  101  7:16  Pylon  
  101  7:21  Photon Cannon  
  101  7:23  Pylon  
  101  7:24  Immortal, Protoss Ground Weapons Level 2 (Chrono Boost)  
  105  7:34  Photon Cannon  
  105  7:35  Zealot x3  
  109  7:40  Photon Cannon  
  107  7:44  Photon Cannon  
  103  7:54  Shield Battery, Probe x2  
  103  7:55  Shield Battery  
  105  7:59  Probe  
  105  8:00  Assimilator  
  105  8:02  High Templar  
  105  8:03  High Templar  
  105  8:04  Assimilator  
  110  8:06  Probe x2  
  110  8:11  Probe  
  110  8:12  High Templar x3  
  119  8:17  Archon x2, Photon Cannon  
  119  8:18  Immortal (Chrono Boost)  
  119  8:23  Probe  
  119  8:25  Probe x2  
  126  8:27  Probe  
  126  8:32  Photon Cannon  
  127  8:35  Pylon  
  127  8:38  High Templar x2  
  131  8:42  Zealot x2  
  135  8:50  Zealot x3  
  141  8:57  Immortal (Chrono Boost)  
  145  9:03  Shield Battery  
  145  9:06  Pylon  
  145  9:08  High Templar x3  
  151  9:13  High Templar, Archon  
  151  9:15  Zealot  
  155  9:17  Pylon  
  155  9:18  Protoss Ground Weapons Level 3 (Chrono Boost)  
  155  9:19  Pylon  
  155  9:28  Observer (Chrono Boost)  
  156  9:33  Pylon  
  156  9:34  High Templar  
  156  9:35  High Templar, Zealot x2, Photon Cannon  
  164  9:39  Archon  
  164  9:41  Zealot x3  
  170  9:46  Zealot  
  170  9:51  Immortal (Chrono Boost)  
  176  10:05  High Templar x3  
  176  10:06  High Templar  
  184  10:09  Archon x2  
  184  10:11  Pylon  
  184  10:13  Pylon  
  184  10:14  Archon, Fleet Beacon  
  184  10:20  Zealot x2  
  188  10:28  Pylon  
  188  10:31  Stargate  
  188  10:34  Observer  
  189  10:37  Stargate  
  189  10:52  Protoss Air Weapons Level 1 (Chrono Boost), Pylon  
  189  10:56  Zealot x5  
  197  11:16  Mothership (Chrono Boost)  
  195  11:35  Carrier x2 (Chrono Boost)  
  195  11:36  Carrier (Chrono Boost)  
  178  11:44  Zealot x2  
  178  11:45  Zealot x6  
  168  11:53  Graviton Catapult (Chrono Boost)  
  150  12:04  Protoss Shields Level 1 (Chrono Boost)  
  150  12:05  Zealot  
  150  12:06  High Templar x4, Zealot x3  
  166  12:10  Archon  
  166  12:11  Gateway  
  166  12:12  Archon  
  166  12:13  Gateway  
  162  12:22  Observer  
  150  12:25  Zealot  
  152  12:31  Photon Cannon  
  152  12:33  Zealot x3  
  152  12:35  Pylon  
  158  12:39  Zealot x4  
  166  12:44  Carrier (Chrono Boost)  
  166  12:50  Zealot  
  174  12:55  Zealot x3  
  180  12:59  Zealot  
  180  13:00  Observer  
  180  13:04  Zealot x2  
  179  13:17  Zealot x4  
  183  13:23  Stalker  
  163  13:27  Zealot  
  163  13:30  High Templar  
  163  13:31  High Templar x2  
  169  13:37  Archon  
  169  13:38  High Templar, Void Ray (Chrono Boost)  
  175  13:43  Archon  
  175  13:44  High Templar x2  
  177  13:54  Void Ray (Chrono Boost)  
  179  14:09  Void Ray (Chrono Boost)  
  169  14:21  Nexus  
  169  14:26  Stalker x3  
  169  14:27  Stalker  
  169  14:31  Void Ray (Chrono Boost)  
  170  14:44  Zealot x4  
  178  14:51  Void Ray (Chrono Boost)  
  174  15:00  Zealot x4  
  174  15:05  High Templar x3  
  174  15:06  High Templar  
  190  15:10  Archon  
  190  15:11  Archon  
  190  15:13  High Templar  
  192  15:21  Oracle  
  195  15:23  High Templar x2  
  199  15:28  Archon  
  195  15:40  Immortal  
  195  15:42  Nexus  
  189  15:45  Pylon  
  179  15:54  Stargate  
  179  15:55  Stargate  
  175  15:58  Zealot  
  175  15:59  Zealot x7  
  191  16:07  Void Ray  
  195  16:23  Void Ray  
  195  16:34  Archon  
  195  16:36  High Templar x6  
  195  16:37  High Templar x2  
  149  16:41  Archon  
  149  16:42  Archon x2  
  123  16:48  High Templar  
  129  17:04  Void Ray x2 (Chrono Boost)  
  121  17:11  High Templar  
  123  17:16  Nexus  
  123  17:19  Pylon  
  123  17:32  Archon  
Show
View Real Time Build Order
Export as new Build Order

Serral Zerg - Winner!

Build Orders: Hatch First, Lurkers 

Get SALT Encoding   

  12  0:00  Drone  
  13  0:13  Overlord  
  13  0:18  Drone  
  14  0:31  Drone x2  
  14  0:34  Drone  
  17  0:52  Hatchery  
  17  0:55  Drone  
  17  0:58  Drone  
  18  1:09  Extractor  
  17  1:14  Spawning Pool  
  17  1:17  Drone  
  17  1:21  Drone  
  18  1:28  Drone  
  19  1:38  Overlord  
  19  1:50  Drone  
  20  2:01  Queen  
  20  2:02  Zergling x2  
  20  2:03  Queen  
  20  2:04  Zergling x2  
  26  2:09  Metabolic Boost  
  26  2:12  Drone  
  26  2:15  Drone  
  28  2:22  Drone  
  29  2:26  Drone  
  30  2:39  Hatchery  
  30  2:43  Drone  
  30  2:47  Pneumatized Carapace  
  30  2:49  Drone  
  31  2:54  Drone  
  31  2:57  Overlord  
  32  3:01  Drone  
  32  3:03  Drone  
  34  3:06  Zergling x2  
  34  3:10  Drone  
  36  3:18  Overlord  
  36  3:19  Drone x2  
  39  3:23  Queen  
  39  3:26  Drone  
  41  3:29  Drone x2  
  43  3:36  Spore Crawler  
  43  3:40  Spore Crawler  
  43  3:41  Drone x2  
  43  3:43  Drone  
  44  3:49  Lair  
  44  3:50  Drone  
  44  3:54  Drone x2  
  47  3:59  Queen  
  47  4:01  Drone  
  48  4:03  Drone  
  48  4:06  Drone  
  48  4:08  Drone  
  51  4:10  Drone  
  51  4:13  Overlord  
  51  4:17  Overlord  
  51  4:22  Spore Crawler  
  50  4:28  Overlord  
  50  4:31  Drone x5  
  50  4:33  Drone  
  50  4:34  Drone  
  50  4:35  Drone  
  50  4:38  Extractor  
  57  4:39  Drone, Extractor  
  57  4:40  Drone  
  57  4:42  Drone  
  57  4:44  Drone  
  57  4:45  Drone  
  61  4:49  Hydralisk Den  
  61  4:50  Drone  
  61  4:54  Queen  
  61  4:56  Drone  
  61  4:59  Drone x2  
  66  5:02  Extractor  
  66  5:03  Overlord  
  66  5:05  Zergling x2  
  66  5:07  Zergling x2  
  66  5:08  Zergling x4  
  66  5:11  Overlord  
  66  5:13  Overlord  
  69  5:16  Overlord  
  69  5:19  Hydralisk  
  71  5:24  Hydralisk x2  
  75  5:28  Overlord  
  75  5:30  Hydralisk  
  75  5:33  Hydralisk  
  79  5:38  Hydralisk  
  79  5:39  Hydralisk  
  83  5:43  Muscular Augments  
  83  5:47  Evolution Chamber  
  82  5:53  Hydralisk x2  
  84  5:57  Overlord  
  84  6:00  Drone x6  
  88  6:06  Queen  
  88  6:07  Overlord  
  88  6:09  Drone x2  
  92  6:14  Zerg Missile Weapons Level 1  
  92  6:16  Extractor x2, Overlord  
  90  6:26  Hatchery  
  90  6:27  Drone  
  90  6:29  Drone x2  
  90  6:31  Drone x2  
  90  6:32  Overseer  
  94  6:34  Drone  
  95  6:43  Hydralisk  
  95  6:44  Hydralisk x3  
  103  6:48  Drone  
  103  6:49  Drone x3  
  103  6:51  Overlord  
  103  6:52  Drone  
  103  6:53  Overseer  
  108  6:58  Lurker Den  
  108  6:59  Overlord  
  106  7:04  Hydralisk x2  
  106  7:08  Drone x3  
  113  7:09  Drone  
  113  7:14  Overlord  
  114  7:16  Drone x4  
  114  7:19  Drone  
  114  7:20  Drone x2  
  121  7:26  Overlord  
  121  7:27  Extractor  
  119  7:37  Hydralisk x3  
  119  7:38  Hydralisk x2  
  119  7:39  Hydralisk  
  119  7:40  Zergling x4, Hydralisk  
  119  7:42  Zergling x2, Overlord  
  119  7:43  Overlord  
  134  7:48  Hydralisk  
  134  7:49  Zergling x2  
  134  8:05  Overlord  
  134  8:06  Hydralisk x4, Overlord  
  134  8:08  Zergling x8, Zerg Missile Weapons Level 2  
  146  8:16  Zergling x2  
  146  8:17  Zergling x14  
  154  8:25  Infestation Pit  
  153  8:28  Lurker x8  
  161  8:38  Zergling x10  
  161  8:39  Zergling x2  
  167  8:42  Hatchery  
  165  8:49  Hydralisk x5  
  175  8:58  Overlord  
  175  9:01  Hive  
  175  9:02  Overlord x3  
  175  9:11  Overlord  
  172  9:19  Drone x3  
  172  9:20  Overlord x2  
  175  9:28  Hydralisk x6  
  175  9:29  Spire  
  186  9:39  Drone x2  
  186  9:43  Zergling x22, Evolution Chamber  
  192  10:08  Lurker x4  
  192  10:11  Zerg Ground Armor Level 1, Zergling x6  
  199  10:21  Extractor, Adaptive Talons  
  199  10:25  Zerg Melee Weapons Level 1, Overlord  
  198  10:34  Extractor  
  197  10:37  Zergling x4  
  197  10:43  Greater Spire, Adrenal Glands  
  197  10:57  Spine Crawler x2  
  197  10:59  Spore Crawler x2  
  193  11:05  Zergling x8  
  193  11:06  Zergling x10  
  197  11:13  Lurker x3  
  197  11:18  Queen  
  197  11:28  Zergling x4  
  199  11:39  Hydralisk x12  
  199  11:40  Zergling x4  
  183  11:50  Zergling x30  
  183  11:51  Drone x2  
  183  11:52  Drone  
  183  11:54  Hydralisk x3  
  193  11:56  Zerg Flyer Weapons Level 1  
  193  11:57  Overseer  
  196  12:14  Zerg Ground Armor Level 2  
  190  12:15  Corruptor x5  
  190  12:17  Extractor  
  195  12:38  Queen  
  195  12:42  Corruptor  
  199  12:45  Zerg Missile Weapons Level 3  
  191  12:57  Corruptor  
  191  12:58  Corruptor x4  
  154  13:20  Corruptor x8  
  154  13:21  Corruptor x3  
  170  13:30  Drone x4  
  170  13:31  Drone  
  165  13:35  Overseer x2  
  165  13:36  Drone x7  
  165  13:37  Drone x2  
  169  14:19  Infestor x8  
  169  14:22  Neural Parasite  
  185  14:27  Hatchery  
  185  14:28  Corruptor  
  185  14:29  Zerg Melee Weapons Level 2  
  186  14:32  Zergling x26  
  199  14:43  Overlord  
  199  14:45  Overseer  
  199  14:49  Zergling x2  
  196  15:03  Zergling x8  
  196  15:06  Spine Crawler  
  199  15:08  Spine Crawler  
  199  15:13  Zerg Flyer Armor Level 1  
  198  15:17  Overseer  
  198  15:21  Drone x2  
  196  15:28  Corruptor  
  196  15:29  Corruptor x5  
  200  15:41  Pathogen Glands  
  175  15:50  Hydralisk x4  
  175  15:51  Zergling x38  
  199  16:18  Lurker  
  175  16:38  Hydralisk x7  
  175  16:39  Zergling x28, Hydralisk x14  
  192  16:40  Zergling x2  
  192  16:45  Hydralisk x3  
  187  16:47  Zergling x2  
  182  17:01  Infestor x2  
  182  17:06  Drone  
  185  17:13  Lurker x4  
  189  17:16  Overseer  
  189  17:17  Hatchery  
  188  17:26  Hatchery  
Tags
 
Add a new tag
Caveats
  • Supply blocks, unpowered buildings, or Contaminate may cause inaccurate times.
  • Supply counts are checked every 10 seconds.